 Dungeon Crawl Stone Soup version 0.21-a0-380-gd65dc97 (webtiles) character file.

11205 constexpr the Cleaver (level 11, -2/102 HPs)
             Began as a Minotaur Berserker on Oct 17, 2017.
             Was a High Priest of Trog.
             Slain by a purple ugly thing (8 damage)
             ... on level 10 of the Dungeon.
             The game lasted 00:26:13 (11526 turns).

constexpr the Cleaver (Minotaur Berserker)         Turns: 11526, Time: 00:26:14

Health: -2/102     AC: 12    Str: 23    XL:     11   Next: 46%
Magic:  0/10       EV: 18    Int:  4    God:    Trog [*****.]
Gold:   549        SH:  0    Dex: 18    Spells: 10/10 levels left

rFire    . . .     SeeInvis .   T - +1 battleaxe (vamp)
rCold    . . .     Gourm    .   (shield currently unavailable)
rNeg     . . .     Faith    .   z - +3 ring mail of Dogmatism {+Blink Dex+4}
rPois    .         Spirit   +   (helmet restricted)
rElec    .         Reflect  .   u - +0 cloak
rCorr    .         Harm     .   N - +0 pair of gloves
MR       .....                  v - -2 pair of boots (curse)
Stlth    +.........             F - amulet of guardian spirit
HPRegen  0.27/turn              (no ring)
MPRegen  0.12/turn              w - +2 ring of dexterity

@: berserk cooldown, slowed, very slow
A: retaliatory headbutt, horns 2
a: Berserk, Trog's Hand, Brothers in Arms, Burn Spellbooks, Renounce Religion,
Evoke Blink


You were on level 10 of the Dungeon.
You worshipped Trog.
Trog was extremely pleased with you.
You were near starving.

You visited 1 branch of the dungeon, and saw 11 of its levels.

You collected 549 gold pieces.


Innate Abilities, Weirdness & Mutations

You reflexively headbutt those who attack you in melee.
You have a pair of horns on your head.


   Skills:
 + Level 11.0 Fighting
 - Level 12.5 Axes
 + Level 10.7 Armour
 + Level 9.9 Dodging


You had 10 spell levels left.
You didn't know any spells.

Inventory:

Hand Weapons
 a - a +0 hand axe
 h - a +0 hunting sling of freezing
 K - a +0 war axe
 T - a +1 vampiric battleaxe (weapon)
Missiles
 O - a throwing net (quivered)
 X - a poisoned needle
Armour
 b - a +0 animal skin
 s - a +0 leather armour
 u - a +0 cloak (worn)
 v - a cursed -2 pair of boots (worn)
 z - the +3 ring mail of Dogmatism (worn) {+Blink Dex+4}
   (You found it on level 4 of the Dungeon)

   It affects your dexterity (+4).
   It lets you blink.
 B - a +0 chain mail
 N - a +0 pair of gloves (worn)
 P - a +0 plate armour
 Q - a +0 pair of gloves
Jewellery
 w - a +2 ring of dexterity (right hand)
 F - an amulet of guardian spirit (around neck)
 R - an uncursed ring of fire
Wands
 D - a wand of flame (25/48)
 U - a wand of confusion (30/48)
 V - a wand of lightning (3/15)
Scrolls
 e - 3 scrolls of fog {unknown}
 i - a scroll of magic mapping {unknown}
 j - 10 scrolls of identify {unknown}
 k - 4 scrolls of teleportation {unknown}
 l - 2 scrolls of remove curse {unknown}
 p - 2 scrolls of recharging {unknown}
 q - 2 scrolls of enchant weapon {unknown}
 t - a scroll of enchant armour {unknown}
 y - a scroll of random uselessness {unknown}
 C - a scroll of fear {unknown}
 G - 2 scrolls of noise {unknown}
 H - a scroll of vulnerability {unknown}
 J - a scroll of amnesia {unknown}
Potions
 d - 4 potions of flight {unknown}
 f - 3 potions of lignification {unknown}
 g - a potion of heal wounds {unknown}
 m - a potion of degeneration {unknown}
 n - 5 potions of curing
 o - 3 potions of might {unknown}
 r - 4 potions of agility {unknown}
 E - a potion of invisibility {unknown}
 L - a potion of magic {unknown}
 M - 3 potions of haste {unknown}
 S - a potion of berserk rage {unknown}
Comestibles
 c - 3 bread rations
 x - 9 royal jellies
 A - 7 fruits
 I - a meat ration
 W - 8 chunks of flesh

Dungeon Overview and Level Annotations

Branches:
Dungeon (11/15)            Temple (0/1) D:6             Orc (0/2) D:9
   Lair: D:8-11

Altars:
Ashenzari
Cheibriados
Dithmenos
Elyvilon
Gozag
Nemelex Xobeh
Trog
Wu Jian
Xom
Yredelemnul
Zin
The Shining One

Shops:
D:5 !*=[}   D:7 (   D:8 }   D:9 [( D:10

=
.....##'#######..................
..............###'###############
......................##.........
.....................>##.........
......................##.........
.....##.......##......##.........
.....##.......##......##.........
..............#Tuu....##.........
..............#.@.....##.........
..............#.......##.........
............†.##......########...
..............#######'########...
.).......>....#.......##....##...
..............#.......##....##...
################......##....##...
######.........'......##....##...
.[...#.........#########....#####


You could see 2 ugly things and a friendly iron troll (berserk).


Message History

The purple ugly thing tentacle-slaps you.
The kobold shoots a poisoned needle.
The poisoned needle hits you.
You are poisoned.
The purple ugly thing tentacle-slaps you!
A hell rat and a porcupine come into view.
X - a poisoned needle You are no longer corroded.
You feel sick.
The kobold demonologist gestures wildly while chanting.
The purple ugly thing tentacle-slaps you.
A kobold comes into view.
The kobold shouts!
A river rat, a jelly, 2 kobolds and a wight come into view.
You feel sick.
The purple ugly thing tentacle-slaps you but does no damage.
The white ugly thing headbutts you! The white ugly thing freezes you!!
The kobold demonologist mumbles some strange words.
The purple ugly thing tentacle-slaps you but does no damage.
You climb upwards.
There is a stone staircase leading down here.
You blink.
You are near starving!
You feel sick.
You feel better. The white ugly thing barely misses you.
Your iron troll goes berserk!
You feel somewhat more hungry. The white ugly thing headbutts you!
The white ugly thing freezes you!!
* * * LOW HITPOINT WARNING * * *
The purple ugly thing tentacle-slaps you!
You die...

Action                   |  1- 3 |  4- 6 |  7- 9 | 10-12 || total
-------------------------+-------+-------+-------+-------++-------
Melee: Hand axe          |    64 |   127 |   279 |       ||   470
       Headbutt          |     7 |    21 |   107 |    43 ||   178
       War axe           |       |       |    53 |    36 ||    89
       Battleaxe         |       |       |       |   109 ||   109
Invok: Berserk           |     1 |     1 |     1 |     3 ||     6
       Brothers in Arms  |       |       |       |     1 ||     1
 Abil: Evoke Blink       |       |       |       |     1 ||     1
  Use: Potion            |       |       |     2 |     1 ||     3
  Eat: Chunk             |     3 |     7 |    19 |     7 ||    36
       Fruit             |       |       |     1 |       ||     1
       Meat ration       |       |       |       |     1 ||     1
Armor: Animal skin       |    11 |     1 |       |       ||    12
       Leather armour    |       |    21 |    10 |       ||    31
       Ring mail         |       |       |    65 |    48 ||   113
Dodge: Dodged            |    52 |    75 |   174 |   137 ||   438

Vault maps used:
D:1:      dpeg_arrival_short_road, minmay_lizard_pond
D:2:      nicolae_ashenzari_panopticon, minivault_14
D:3:      first_bread, hangedman_decor_slide_cut, dk_yredelemnul_ordeal,
          uniq_robin, uniq_sigmund
D:4:      chequers_temple_overflow_statue_of_worship
D:5:      elyvilon_altar_4, serial_shops, kennysheep_little_box,
          nicolae_shop_stone, shop_fountains, shop,
          nicolae_shop_competitors_out_of_business, serial_undead,
          serial_undead_e, serial_undead_f, serial_undead_f, serial_undead_d
D:6:      grunt_temple_overflow_holy_war, temple_pool_b, basic_altar
D:7:      kennysheep_mini, serial_shops, shop
D:8:      nicolae_dithmenos_the_darkroom, serial_shops, shop
D:9:      orc_david_3, serial_column_ruins, column_ruins_temple_circle,
          column_ruins_hut, column_ruins_grid_4, column_ruins_open_large,
          column_ruins_columns_corner, column_ruins_columns_corner,
          column_ruins_open_tiny_water, column_ruins_corridor_straight,
          column_ruins_open_tiny, uniq_erolcha, uniq_pikel
D:10:     serial_shops, shop
D:11:     argonaut_augean_stables, dpeg_lair_monsters, uniq_fannar

Notes
Turn   | Place    | Note
-------+----------+-------------------------------------------
     0 | D:1      | constexpr the Minotaur Berserker began the quest for the Orb.
     0 | D:1      | Reached XP level 1. HP: 19/19 MP: 0/0
   169 | D:1      | Reached skill level 4 in Axes
   181 | D:1      | Reached XP level 2. HP: 23/26 MP: 1/1
   827 | D:2      | Reached ** piety under Trog
   827 | D:2      | Reached skill level 5 in Axes
   869 | D:2      | Reached XP level 3. HP: 19/31 MP: 2/2
  1104 | D:2      | Found a shattered altar of Ashenzari.
  1811 | D:3      | Noticed Sigmund
  1818 | D:3      | Killed Sigmund
  1818 | D:3      | Reached skill level 7 in Axes
  1818 | D:3      | Reached XP level 4. HP: 39/39 MP: 3/3
  1818 | D:3      | Reached XP level 5. HP: 45/45 MP: 4/4
  2111 | D:3      | Reached skill level 8 in Axes
  2125 | D:3      | HP: 8/45 [orc wizard/magic dart (9)]
  2309 | D:3      | HP: 14/45 [orc wizard/dagger (3)]
  2310 | D:3      | Reached XP level 6. HP: 16/51 MP: 5/5
  2792 | D:3      | Reached *** piety under Trog
  2807 | D:3      | Noticed Robin
  2823 | D:3      | Killed Robin
  3200 | D:3      | Found a runed door.
  3200 | D:3      | Noticed a human
  3221 | D:3      | Found a basalt altar of Yredelemnul.
  3261 | D:3      | Killed a human
  3261 | D:3      | Reached skill level 9 in Axes
  3562 | D:4      | Reached XP level 7. HP: 40/57 MP: 6/6
  3753 | D:4      | Reached skill level 10 in Axes
  4268 | D:4      | Reached **** piety under Trog
  4864 | D:4      | Reached skill level 11 in Axes
  4915 | D:4      | Found a shimmering altar of Xom.
  4916 | D:4      | Upgraded the game from 0.21-a0-372-gd0ff781 to 0.21-a0-380-gd65dc97
  4916 | D:4      | Found a snail-covered altar of Cheibriados.
  4916 | D:4      | Found a glowing silver altar of Zin.
  4934 | D:4      | Found an opulent altar of Gozag.
  4983 | D:4      | Got a twisted ring mail
  4994 | D:4      | Identified the +3 ring mail of Dogmatism {+Blink Dex+4} (You found it on level 4 of the Dungeon)
  5129 | D:5      | Entered Level 5 of the Dungeon
  5129 | D:5      | Found Toled's Jewellery Shop.
  5201 | D:5      | Reached XP level 8. HP: 42/64 MP: 7/7
  5339 | D:5      | Found Uxustiq's Gadget Boutique.
  5484 | D:5      | Reached skill level 4 in Fighting
  5484 | D:5      | Reached skill level 3 in Armour
  5515 | D:5      | Reached skill level 3 in Dodging
  5546 | D:5      | Found Zaud's Armour Shop.
  5604 | D:5      | Found Ziariynk's Distillery.
  5903 | D:5      | Found a white marble altar of Elyvilon.
  5984 | D:5      | Found Tekh's General Store.
  6129 | D:6      | Reached skill level 4 in Armour
  6248 | D:6      | Found a staircase to the Ecumenical Temple.
  6318 | D:6      | Found a basalt altar of Yredelemnul.
  6327 | D:6      | Found a glowing golden altar of the Shining One.
  6329 | D:6      | Noticed an angel
  6431 | D:6      | Found an ornate altar of the Wu Jian Council.
  6671 | D:6      | Reached skill level 5 in Fighting
  6777 | D:6      | Reached ***** piety under Trog
  6777 | D:6      | Reached skill level 4 in Dodging
  7040 | D:7      | Reached skill level 12 in Axes
  7110 | D:7      | Reached skill level 5 in Armour
  7110 | D:7      | Reached XP level 9. HP: 52/75 MP: 8/8
  7167 | D:7      | Reached skill level 6 in Fighting
  7352 | D:7      | Reached skill level 5 in Dodging
  7690 | D:7      | Found Bethao's Antique Weapon Emporium.
  7760 | D:7      | Found a sparkling altar of Nemelex Xobeh.
  8004 | D:8      | Noticed a two-headed ogre
  8016 | D:8      | HP: 24/75 [wyvern (8)]
  8019 | D:8      | HP: 5/75 [wyvern (9)]
  8714 | D:8      | Reached skill level 6 in Armour
  8819 | D:8      | Found Dicwurel's Gadget Boutique.
  8908 | D:8      | Killed a two-headed ogre
  8908 | D:8      | Reached skill level 7 in Fighting
  8908 | D:8      | Reached skill level 7 in Armour
  8908 | D:8      | Reached skill level 6 in Dodging
  9422 | D:8      | Found a shadowy altar of Dithmenos.
  9584 | D:9      | Reached XP level 10. HP: 86/88 MP: 9/9
  9650 | D:9      | Noticed Pikel
  9658 | D:9      | Killed Pikel
  9658 | D:9      | Reached skill level 8 in Fighting
  9658 | D:9      | Reached skill level 7 in Dodging
  9791 | D:9      | Found Ezuoplit's Weapon Shop.
  9797 | D:9      | Found a staircase to the Orcish Mines.
  9806 | D:9      | Found Yclixiust's Armour Shop.
  9815 | D:9      | Reached skill level 8 in Armour
 10098 | D:9      | Found a bloodstained altar of Trog.
 10244 | D:9      | Noticed Erolcha
 10257 | D:9      | Killed Erolcha
 10257 | D:9      | Reached skill level 9 in Fighting
 10257 | D:9      | Reached skill level 8 in Dodging
 10610 | D:10     | Entered Level 10 of the Dungeon
 10610 | D:10     | Found Yvytezubb's Jewellery Shoppe.
 10653 | D:10     | Reached skill level 9 in Armour
 10832 | D:10     | Noticed a cyclops
 10837 | D:10     | Killed a cyclops
 11311 | D:10     | Reached skill level 10 in Fighting
 11324 | D:10     | Received a gift from Trog
 11327 | D:10     | Reached XP level 11. HP: 99/99 MP: 10/10
 11489 | D:11     | Noticed a death yak
 11494 | D:11     | Noticed a death yak
 11494 | D:11     | Reached skill level 9 in Dodging
 11496 | D:11     | Noticed a death yak
 11505 | D:11     | Noticed a purple ugly thing
 11506 | D:11     | Reached skill level 10 in Armour
 11511 | D:11     | Killed a death yak
 11516 | D:11     | Noticed a white ugly thing
 11518 | D:11     | Killed a death yak
 11518 | D:11     | Killed a death yak
 11518 | D:11     | Reached skill level 11 in Fighting
 11526 | D:10     | HP: 6/102 [white ugly thing (28)]
 11526 | D:10     | Slain by a purple ugly thing

Vanquished Creatures
  Erolcha (D:9)
  A two-headed ogre (D:8)
  3 death yaks (D:11)
  Pikel (D:9)
  A cyclops (D:10)
  3 centaur skeletons
  2 hippogriffs
  Sigmund (D:3)
  A wyvern (D:7)
  A human (D:3)
  A basilisk (D:11)
  6 yaks (D:11)
  An acid dragon (D:11)
  A water moccasin (D:10)
  5 orc warriors
  A slave (D:9)
  3 ice beasts
  3 black bears
  5 sky beasts
  4 ogres
  4 phantoms
  A crocodile (D:10)
  3 centaurs
  2 big kobolds
  2 bullfrogs
  A scorpion (D:5)
  2 howler monkeys (D:7)
  7 crimson imps
  2 bullfrog zombies
  2 centaur zombies
  4 jellies
  2 orc priests
  4 hounds
  An iguana (D:5)
  10 orc wizards
  2 hell rats (D:11)
  9 worker ants
  A killer bee zombie (D:5)
  A hound zombie (D:6)
  A hound skeleton (D:5)
  A worker ant zombie (D:5)
  Robin (D:3)
  A howler monkey zombie (D:6)
  7 adders
  A river rat (D:11)
  4 shadow imps
  An adder skeleton (D:4)
  2 adder zombies (D:5)
  4 worms
  5 leopard geckos
  44 orcs
  9 giant cockroaches
  21 goblins
  8 hobgoblins
  15 jackals
  3 quokkas
  5 bats
  10 frilled lizards
  16 kobolds
  A kobold zombie (D:3)
  A quokka zombie (D:8)
  9 rats
275 creatures vanquished.

Vanquished Creatures (others)
  A slave (D:9)
  A black bear (D:9)
  An orc (D:9)
3 creatures vanquished.

Grand Total: 278 creatures vanquished
